 Dungeon Crawl Stone Soup version 0.28.0-53-g5a82cb258f (webtiles) character file.

Game seed: 4125117117087646911

1 Descartes the Sneak (level 1, -3/10 HPs)
             Began as a Felid Delver on Aug 5, 2022.
             Slain by an iguana (13 damage)
             ... on level 4 of the Dungeon.
             The game lasted 00:01:11 (159 turns).

Descartes the Sneak (Felid Delver)                   Turns: 159, Time: 00:01:12

Health: -3/10      AC:  1    Str:  8    XL:     1   Next: 16%
Magic:  2/2        EV: 17    Int: 11    God:
Gold:   15         SH:  0    Dex: 17    Spells: 0/0 levels left
                                        Lives:  0   Deaths: 0

rFire   . . .      SeeInvis +     - Unarmed
rCold   . . .      Faith    .   (shield unavailable)
rNeg    . . .      Spirit   .   (armour unavailable)
rPois   .          Reflect  .   (helmet unavailable)
rElec   .          Harm     .   (cloak unavailable)
rCorr   .          Rampage  .   (gloves unavailable)
Will    .....                   (boots unavailable)
Stlth   ++++......              (no amulet)
HPRegen 0.03/turn               (no ring)
MPRegen 0.08/turn               (no ring)

@: quick
A: very small, claws 1, fangs 3, see invisible, speed 1, shaggy fur 1, stealthy
paws, no weapons or thrown items, no armour, multi-lived
a: no special abilities


You were on level 4 of the Dungeon.
You visited 1 branch of the dungeon, and saw 2 of its levels.

You collected 15 gold pieces.

Inventory:

Wands
 e - a wand of digging (3)
Scrolls
 a - a scroll of fog
 b - a scroll of magic mapping
 c - a scroll of fear
 f - a scroll of blinking {unknown}
Potions
 d - a potion of haste
 g - a potion of flight {unknown}


   Skills:
 - Level 3.0 Fighting
 - Level 2.6 Dodging
 + Level 6.7 Stealth
 - Level 2.0 Unarmed Combat


You couldn't memorise any spells.
You didn't know any spells.
Your spell library was empty.

Dungeon Overview and Level Annotations

Branches:
Dungeon (5/15)
 Temple: D:4-7

Altars:
Ashenzari


Innate Abilities, Weirdness & Mutations

You have sharp claws.
You have razor-sharp teeth.
You have supernaturally acute eyesight. (SInv)
You cover ground quickly. (Speed+)
You are covered in fur. (AC +1)
Your paws help you pounce on unaware monsters.
You are incapable of wielding weapons or throwing items.
You cannot wear armour.
You gain extra lives every three experience levels.


Message History

Found 15 stones.
There is a dry fountain here.
Found a stone staircase leading up.
Found a brightly glowing hand axe.
You see here the +11 hand axe "Noimuest" {flame, rC+ Str+3}.
There is a stone staircase leading up here.
You climb upwards.
Found a purple potion.
There is a stone staircase leading down here.
The quokka barely misses you. The quokka misses you.
You climb downwards.
There is a stone staircase leading up here.
You barely miss the quokka. Your bite misses the quokka. The quokka bites you.
You scratch the quokka. You bite the quokka.
The quokka is severely wounded.
The quokka barely misses you.
You scratch the quokka.
You kill the quokka!
There is a stone staircase leading up here.
You climb upwards.
There is a stone staircase leading down here.
HP restored.
An iguana comes into view.
Found a book of Necromancy.
You see here a purple potion.
The iguana hisses angrily.
Found 10 gold pieces.
Found a stone staircase leading down.
You barely miss the iguana. You claw the iguana, but do no damage.
The iguana barely misses you.
You scratch the iguana but do no damage.
The iguana barely misses you.
You scratch the iguana.
The iguana is moderately wounded.
The iguana bites you but does no damage.
You scratch the iguana but do no damage.
The iguana is moderately wounded.
The iguana bites you!
Ouch! That really hurt!
You die...

...##..... .
..#.#....# . .
..#......# .#..
##........###.... >
#..# #....#...#.# ...
#..###...........
.$...#..##............
......l@......>.......
#.......##............
##.......#............
#.....#...#...........
##.###.....!..........
#. ...................
. ...................
..##............... .
#...........###


You could see an iguana.

Vanquished Creatures
  A quokka (D:5)
1 creature vanquished.

Notes
Turn   | Place    | Note
-------+----------+-------------------------------------------
     0 | D:5      | Descartes the Felid Delver began the quest for the Orb.
     0 | D:5      | Reached XP level 1. HP: 10/10 MP: 2/2
    33 | D:5      | Found a broken altar of Ashenzari.
    59 | D:5      | Identified the +11 hand axe "Noimuest" {flame, rC+ Str+3}
   149 | D:4      | Noticed an iguana
   159 | D:4      | Slain by an iguana

Illustrated notes

Levels and vault maps discovered:
D:4:      layout_cave_pools, kennysheep_mini_moat, minmay_manual_moon
D:5:      layout_basic, nicolae_hepliaklqana_hippocampus,
          evilmike_ruin_ashenzari, minmay_temple_entry_poolview

Action                   || total
-------------------------++-------
Melee: Unarmed           ||     7
       Punch             ||     1
       Bite              ||     1
Armor: Skin              ||     1
Dodge: Dodged            ||     5
